 Dungeon Crawl Stone Soup version 0.17-a0-2093-gc772f4b (webtiles) character file.

1386 ventricule the Cruncher (level 8, 0/39 HPs)
             Began as a Vine Stalker Chaos Knight on Oct 16, 2015.
             Killed from afar by an electric eel (3 damage)
             ... with a bolt of electricity
             ... on level 6 of the Dungeon.
             The game lasted 00:10:01 (4287 turns).

ventricule the Cruncher (Vine Stalker Chaos Knight) Turns: 4287, Time: 00:10:02

Health: 0/39       AC:  6    Str: 14 (16) XL:     8   Next: 67%
Magic:  0/9        EV: 11    Int: 12      God:    Xom [..*...]
Gold:   265        SH:  0    Dex: 13 (15) Spells: 0 memorised, 7 levels left

rFire  + . .     SeeInvis .     p - +5 quarterstaff (chaos)
rCold  . . .     Clarity  .     t - +0 leather armour {rPois}
rNeg   . . .     SustAt   .     (no shield)
rPois  +         Gourm    .     (no helmet)
rElec  .         Spirit   +     q - +0 cloak
rCorr  .         Warding  .     (no gloves)
rMut   .         Stasis   .     j - +0 pair of boots
MR     +....                    (no amulet)
Stlth  +.........               k - ring of protection from fire
                                f - ring of flight

@: somewhat resistant to hostile enchantments, very unstealthy
A: fangs 3, molten scales 1, breathe flames 1, deterioration 1, regeneration 2,
magic shield, antimagic bite, no device heal 3, rot immunity, MP-powered wands
a: Renounce Religion, Breathe Fire, Evoke Flight


You were on level 6 of the Dungeon.
You worshipped Xom.
You were a toy of Xom.
You were not hungry.

You visited 1 branch of the dungeon, and saw 6 of its levels.

You collected 265 gold pieces.


Innate Abilities, Weirdness & Mutations

You have razor-sharp teeth.
You heal very quickly.
When hurt, damage is shared between your health and your magic reserves.
Your bite disrupts and absorbs the magic of your enemies.
Potions and wands cannot restore your health.
You are immune to rotting.
You are partially covered in molten scales (AC +1).
You can breathe flames.
Your body sometimes deteriorates upon taking damage.
You expend magic power (3 MP) to strengthen your wands.


   Skills:
 - Level 2.6 Fighting
 - Level 4.9(7.3) Maces & Flails
 + Level 8.5(9.1) Staves
 - Level 1.5 Armour
 - Level 0.7 Dodging


You had 7 spell levels left.
You didn't know any spells.

Inventory:

Hand Weapons
 a - a +0 mace of chaos
 p - a +5 quarterstaff of chaos (weapon)
Armour
 b - a +2 leather armour
 j - a +0 pair of boots (worn)
 q - a +0 cloak (worn)
 t - a +0 leather armour of poison resistance (worn)
 y - a +0 ring mail
Jewellery
 f - a ring of flight (left hand)
 k - a ring of protection from fire (right hand)
 o - an amulet of inaccuracy
Wands
 r - a wand of confusion (31)
Scrolls
 d - 3 scrolls of identify {@r1}
 e - 4 scrolls of teleportation {@r4}
 h - a scroll of fear
Potions
 g - a potion of brilliance
 i - 3 potions of curing {@q1}
 l - 2 potions of heal wounds {@q2}
 m - a potion of degeneration {!q}
 u - a potion of lignification {!q}
 v - a potion of haste {@q3}
 x - a potion of magic
 z - 2 potions of poison {!q}
Comestibles
 c - 3 bread rations
 n - 3 meat rations
 s - 2 chunks of flesh

Dungeon Overview and Level Annotations

Branches:
Dungeon (6/15)             Temple (0/1) D:4

Altars:
Cheibriados
Makhleb
Trog
Vehumet
Xom
Yredelemnul
The Shining One

♣≈≈≈.P≈ #P...≈≈♣≈≈..♣.
♣≈≈≈.P≈♣♣##......≈P.....
♣P≈≈.≈≈♣≈#####P........#
≈PP≈.≈P≈#.............##
#≈≈≈.P♣♣#.#############
#♣P≈. #.# #≈≈≈. #.#
♣≈P≈.≈♣♣#.# ≈≈≈≈.P;fb.#
P≈≈≈.≈≈P♣.# ♣≈≈≈.b≈≈♣.#
♣≈≈≈.≈≈PP.# #≈≈≈.≈P≈≈.#
##≈≈.P≈♣..# ##P.P≈..##
#.... ##


You could see an electric eel.


Message History

The phantom barely misses you.
You hit the phantom. You burn the phantom.
The phantom is almost destroyed.
The phantom hits you but does no damage.
You sock the phantom!
You destroy the phantom!
You start resting.
HP restored.
Magic restored.
You enter the shallow water.
You enter the shallow water.
An electric eel comes into view.
The electric eel shoots out a bolt of lightning at you!
The bolt of electricity hits you! x2
An electric eel is nearby!
The electric eel shoots out a bolt of lightning at you!
The bolt of electricity hits you! The bolt of electricity misses you.
You miss the electric eel. Your bite misses the electric eel.
The electric eel shoots out a bolt of lightning at you!
The bolt of electricity hits you!
* * * LOW HITPOINT WARNING * * *
A shower of butterflies erupts from you!
The bolt of electricity hits your butterfly.
Your butterfly dies!
The bolt of electricity hits you!
* * * LOW HITPOINT WARNING * * *
You miss the electric eel.
The electric eel shoots out a bolt of lightning at you!
The bolt of electricity hits you!
You die...

Action                   |  1- 3 |  4- 6 |  7- 9 || total
-------------------------+-------+-------+-------++-------
Melee: Mace              |    91 |    12 |       ||   103
       Quarterstaff      |       |   142 |    97 ||   239
  Use: Scroll            |       |    10 |     6 ||    16
 Stab: Sleeping          |     1 |     1 |       ||     2
       Petrifying        |     1 |       |     2 ||     3
       Paralysed         |       |     1 |       ||     1
  Eat: Chunk             |       |     6 |    11 ||    17

Vault maps used:
D:1:      wheals_arrival_shading
D:2:      lightli_temple_of_fire, cheibriados_altar_1, uniq_crazy_yiuf_cottage,
          uniq_iyjb
D:3:      first_bread, feat_on_display
D:4:      minmay_temple_entry_butterflies
D:5:      grunt_temple_overflow_holy_war, kennysheep_mini
D:6:      kennysheep_big_flooded_room, serial_bayou, serial_bayou_lagoon_a,
          serial_bayou_pond_c, serial_bayou_shore_a, serial_bayou_pond_a,
          serial_bayou_lagoon_b, moated_statue, makhleb_heckhound_becter,
          uniq_pikel

Notes
Turn   | Place    | Note
--------------------------------------------------------------
     0 | D:1      | ventricule the Vine Stalker Chaos Knight began the quest for the Orb.
     0 | D:1      | Reached XP level 1. HP: 11/11 MP: 2/2
   122 | D:1      | Reached skill level 3 in Maces & Flails
   135 | D:1      | Reached XP level 2. HP: 14/16 MP: 3/3
   288 | D:1      | XOM: divination: detect creatures
   554 | D:1      | XOM: harmless Pois miscast
   658 | D:2      | Reached XP level 3. HP: 19/19 MP: 4/4
   735 | D:2      | Found a bloodstained altar of Trog.
   769 | D:2      | XOM: colour smoke trail
   910 | D:2      | Reached skill level 4 in Maces & Flails
   941 | D:2      | XOM: mild Hex miscast
   969 | D:2      | Noticed Ijyb
   992 | D:2      | Killed Ijyb
   992 | D:2      | Reached XP level 4. HP: 21/23 MP: 5/5
  1048 | D:2      | Noticed Crazy Yiuf
  1056 | D:2      | Killed Crazy Yiuf
  1097 | D:2      | Found a snail-covered altar of Cheibriados.
  1277 | D:2      | XOM: harmless Conj miscast
  1323 | D:2      | XOM: scenery: 1 doors open
  1423 | D:2      | Reached XP level 5. HP: 27/27 MP: 6/6
  1425 | D:2      | Reached skill level 1 in Staves
  1522 | D:2      | XOM: summons 4 hostile shadow creatures
  1977 | D:3      | XOM: mild Conj miscast
  2013 | D:3      | XOM: colour smoke trail
  2215 | D:4      | Found a staircase to the Ecumenical Temple.
  2354 | D:4      | Reached skill level 2 in Staves
  2401 | D:4      | Reached skill level 3 in Staves
  2401 | D:4      | Gained mutation: You heal very quickly. [Vine Stalker growth]
  2401 | D:4      | Reached XP level 6. HP: 20/32 MP: 7/7
  2779 | D:4      | XOM: medium Ice miscast
  2867 | D:5      | Entered Level 5 of the Dungeon
  2872 | D:5      | XOM: fog
  2879 | D:5      | Reached skill level 4 in Staves
  2976 | D:5      | Reached XP level 7. HP: 30/35 MP: 6/8
  2996 | D:5      | XOM: colour smoke trail
  3126 | D:5      | Found a glowing golden altar of the Shining One.
  3176 | D:5      | Noticed an angel
  3184 | D:5      | Found a basalt altar of Yredelemnul.
  3186 | D:5      | Noticed a profane servitor
  3303 | D:5      | Reached skill level 5 in Staves
  3309 | D:5      | Gained mutation: You are partially covered in molten scales (AC +1). [mutagenic meat]
  3310 | D:5      | Gained mutation: You expend magic power (3 MP) to strengthen your wands. [mutagenic meat]
  3311 | D:5      | Gained mutation: Your body sometimes deteriorates upon taking damage. [mutagenic meat]
  3312 | D:5      | Gained mutation: You can breathe flames. [mutagenic meat]
  3366 | D:5      | Found a radiant altar of Vehumet.
  3406 | D:5      | XOM: divination: detect items
  3448 | D:5      | XOM: scenery: create altars
  3454 | D:5      | XOM: divination: detect creatures
  3490 | D:5      | XOM: summons 3 friendly demons
  3497 | D:5      | Reached skill level 6 in Staves
  3777 | D:6      | XOM: summons friendly ufetubus
  3780 | D:6      | XOM: smoke on damage
  3782 | D:6      | Gained mutation: You have razor-sharp teeth. [Vine Stalker growth]
  3782 | D:6      | Reached XP level 8. HP: 13/39 MP: 3/9
  3949 | D:6      | Reached skill level 7 in Staves
  4054 | D:6      | XOM: god gift: scale mail {god gift}
  4083 | D:6      | Noticed a yak
  4090 | D:6      | Killed a yak
  4149 | D:6      | Reached skill level 8 in Staves
  4177 | D:6      | Found a burning altar of Makhleb.
  4179 | D:6      | XOM: cast spell 'Confusing Touch'
  4198 | D:6      | XOM: smoke on damage
  4222 | D:6      | XOM: divination: magic mapping
  4286 | D:6      | XOM: butterfly on damage
  4286 | D:6      | HP: 3/39 [electric eel/bolt of electricity (9)]
  4287 | D:6      | Killed from afar by an electric eel

Vanquished Creatures
  A yak (D:6)
  A centaur (D:6)
  A phantom (D:6)
  2 ogres
  A sky beast (D:5)
  2 giant frogs (D:6)
  A scorpion (D:5)
  An electric eel (D:6)
  A crimson imp (D:6)
  A centaur skeleton (D:4)
  Crazy Yiuf (D:2)
  An orc priest (D:4)
  Ijyb (D:2)
  4 hounds
  6 worker ants
  6 adders
  2 oozes (D:6)
  A worm (D:2)
  7 giant geckos
  8 orcs
  10 bats
  3 giant cockroaches (D:3)
  9 hobgoblins
  2 quokkas
  3 ball pythons
  A giant gecko skeleton (D:6)
  5 giant newts
  6 goblins
  13 jackals
  4 kobolds
  A quokka skeleton (D:6)
  6 rats
  A fungus (D:2)
113 creatures vanquished.

Vanquished Creatures (collateral kills)
  A sky beast (D:5)
1 creature vanquished.

Vanquished Creatures (others)
  A worker ant (D:5)
1 creature vanquished.

Grand Total: 115 creatures vanquished
